 Dungeon Crawl Stone Soup version 0.19.0-20-gbc5f0c6 (webtiles) character file.

18451 nikopol the Fighter (level 12, -32/80 HPs)
             Began as a Gargoyle Berserker on Nov 17, 2016.
             Was a High Priest of Trog.
             Annihilated by dobroeutro's ghost (35 damage)
             ... on level 4 of the Lair of Beasts.
             The game lasted 00:41:47 (14277 turns).

nikopol the Fighter (Gargoyle Berserker)           Turns: 14277, Time: 00:41:47

Health: -32/80     AC: 24    Str: 21    XL:     12   Next: 58%
Magic:  0/12       EV: 14    Int: 10    God:    Trog [*****.]
Gold:   862        SH:  0    Dex: 12    Spells: 0 memorised, 11 levels left

rFire  . . .     SeeInvis .     a - +2 war axe (chop)
rCold  . . .     Gourm    .     o - +0 scale mail
rNeg   + . .     Faith    .     (no shield)
rPois  ∞         Spirit   .     v - +2 helmet
rElec  +         Reflect  .     (no cloak)
rCorr  .         Harm     .     O - +0 pair of gloves
MR     .....                    J - +0 pair of boots
Stlth  ..........               (no amulet)
                                (no ring)
                                (no ring)

@: exhausted, slowed, very slow
A: negative energy resistance 1, electricity resistance, unbreathing,
petrification resistance, rot immunity, AC +8
a: Berserk, Trog's Hand, Brothers in Arms, Burn Spellbooks, Renounce Religion


You were on level 4 of the Lair of Beasts.
You worshipped Trog.
Trog was extremely pleased with you.
You were very hungry.

You visited 2 branches of the dungeon, and saw 15 of its levels.

You collected 862 gold pieces.

Inventory:

Hand Weapons
 a - a +2 war axe of chopping (weapon)
 y - a +0 hand axe
 z - a +1 shortbow of velocity
 K - a +0 war axe
 S - a +0 shortbow
Missiles
 d - 256 arrows (quivered)
Armour
 o - a +0 scale mail (worn)
 v - a +2 helmet (worn)
 J - a +0 pair of boots (worn)
 O - a +0 pair of gloves (worn)
Wands
 e - a wand of paralysis (10/24)
 p - a wand of iceblast (10/15)
 r - a wand of flame (19/48)
 F - a wand of lightning (15/15)
 X - a wand of disintegration (11/24)
Scrolls
 g - 7 scrolls of remove curse
 h - 3 scrolls of blinking
 j - 9 scrolls of identify {unknown}
 l - 2 scrolls of fog {unknown}
 m - a scroll of amnesia {unknown}
 A - a scroll of noise {unknown}
 B - 3 scrolls of teleportation {unknown}
 C - 3 scrolls of enchant armour {unknown}
 D - 3 scrolls of fear {unknown}
 I - 2 scrolls of immolation {unknown}
 M - a scroll of holy word {unknown}
 R - a scroll of enchant weapon {unknown}
 T - a scroll of silence {unknown}
 U - a scroll of torment {unknown}
 W - a scroll of magic mapping {unknown}
Potions
 b - a potion of mutation {unknown}
 i - 3 potions of lignification {unknown}
 k - 2 potions of heal wounds
 q - 4 potions of flight {unknown}
 s - 2 potions of berserk rage {unknown}
 u - 3 potions of brilliance {unknown}
 w - 2 potions of resistance {unknown}
 E - 4 potions of curing {unknown}
 G - a potion of invisibility {unknown}
 H - 2 potions of degeneration {unknown}
 L - a potion of magic {unknown}
 P - a potion of ambrosia {unknown}
 Y - a potion of agility {unknown}
 Z - a potion of might {unknown}
Comestibles
 c - 6 bread rations
 f - 17 fruits
 n - 9 royal jellies
 t - 3 chunks of flesh
 x - 7 meat rations


   Skills:
 + Level 11.0 Fighting
 + Level 9.4 Axes
 + Level 7.5 Bows
 + Level 10.4 Armour
 + Level 8.1 Dodging


You had 11 spell levels left.
You didn't know any spells.

Dungeon Overview and Level Annotations

Branches:
Dungeon (11/15)            Temple (0/1) D:5            Lair (4/6) D:8
    Orc (0/2) D:10
  Swamp: Lair:2-4    Shoals: Lair:2-4     Snake: Lair:2-4    Spider: Lair:2-4

Altars:
Ashenzari
Cheibriados
Dithmenos
Fedhas
Hepliaklqana
Kikubaaqudgha
Sif Muna
Vehumet
Zin
Beogh

Shops:
D:9 (

Annotations:
Lair:4 dobroeutro's ghost, journeyman MiBe


Innate Abilities, Weirdness & Mutations

You are resistant to torment.
Your stone body is resilient. (AC +8)
You are immune to poison.
You resist negative energy. (rN+)
You are resistant to electric shocks. (rElec)
You can survive without breathing.
You are immune to petrification.
You are immune to rotting.


Message History

You are too injured to fight recklessly!
You are too injured to fight recklessly!
You hit dobroeutro's ghost but do no damage.
Dobroeutro's ghost is moderately damaged.
You hit dobroeutro's ghost but do no damage.
Dobroeutro's ghost is moderately damaged.
Dobroeutro's ghost hits you but does no damage.
You barely miss dobroeutro's ghost.
Dobroeutro's ghost is moderately damaged.
Dobroeutro's ghost hits you!!
* * * LOW HITPOINT WARNING * * *
You feel your power leaking away.
You feel a strong urge to attack something.
You are no longer berserk.
You are exhausted.
You feel yourself slow down.
Your deep troll goes berserk!
You are feeling very hungry.
Dobroeutro's ghost hits you!!
You die...

..........
.........##
..........#
..........##
(..........# ..
.........$###..
...............
.......@T...#
......%W....#
............###
#.............#
#.?...†<.......
###...........#
#.............
##............
#............


You could see dobroeutro's ghost and a friendly deep troll (berserk).

Vanquished Creatures
  Sonja (Lair:1)
  An unseen horror (D:10)
  2 hill giants
  An ugly thing (D:11)
  2 black mambas
  A centaur skeleton (D:8)
  4 spiny frogs
  Joseph (D:9)
  A gargoyle (D:10)
  A kobold demonologist (D:11)
  A rime drake (Lair:3)
  4 komodo dragons
  A freezing wraith (D:9)
  A queen bee (D:9)
  2 hippogriffs
  The ghost of nikopol the Skirmisher, an amateur GrBe of Trog (D:5)
  4 blink frogs (Lair:3)
  10 yaks
  A basilisk (Lair:2)
  6 water moccasins
  7 porcupines
  6 orc warriors
  A sky beast (D:10)
  2 black bears (D:6)
  A hornet zombie (D:8)
  4 ogres
  An ice beast (D:5)
  A phantom (D:11)
  14 wolves
  6 crocodiles
  3 centaurs
  The ghost of Nordron the Slasher, an amateur TeAK of Lugonu (D:3)
  A big kobold (D:10)
  13 bullfrogs
  A scorpion (D:9)
  22 killer bees
  2 howler monkeys (D:4)
  The ghost of dscm the Insei, a weakling OpTm (D:4)
  A crimson imp (D:6)
  3 bullfrog zombies
  5 hounds
  2 jellies (D:6)
  3 orc priests (D:10)
  2 bullfrog skeletons (D:6)
  An iron imp (D:9)
  Jessica (D:3)
  4 iguanas
  Ijyb (D:3)
  Natasha (thrice) (D:3)
  14 worker ants
  4 orc wizards
  A hound zombie (D:5)
  2 hound skeletons (D:6)
  A worker ant zombie (D:9)
  Robin (D:2)
  13 adders
  A shadow imp (D:4)
  2 adder skeletons
  2 worms (D:3)
  5 dart slugs
  5 leopard geckos
  41 orcs
  2 ball pythons
  7 bats
  10 giant cockroaches
  12 goblins
  8 hobgoblins
  8 jackals
  14 kobolds
  6 quokkas
  6 frilled lizards
  A leopard gecko zombie (D:7)
  6 rats
  9 fungi
  2 plants (D:8)
342 creatures vanquished.

Vanquished Creatures (collateral kills)
  A cyclops (D:11)
  An orc priest (D:10)
  3 orcs (D:10)
5 creatures vanquished.

Vanquished Creatures (others)
  2 fungi (Lair:3)
2 creatures vanquished.

Grand Total: 349 creatures vanquished

Notes
Turn   | Place    | Note
-------+----------+-------------------------------------------
     0 | D:1      | nikopol the Gargoyle Berserker began the quest for the Orb.
     0 | D:1      | Reached XP level 1. HP: 14/14 MP: 1/1
   258 | D:1      | Reached XP level 2. HP: 12/19 MP: 2/2
   864 | D:2      | Reached XP level 3. HP: 22/24 MP: 3/3
   924 | D:2      | Noticed Robin
   946 | D:2      | Reached skill level 4 in Fighting
   953 | D:2      | Killed Robin
   959 | D:2      | Reached XP level 4. HP: 24/29 MP: 4/4
   967 | D:2      | Reached ** piety under Trog
  1179 | D:2      | Found a blossoming altar of Fedhas.
  1414 | D:2      | Found a shattered altar of Ashenzari.
  1415 | D:2      | Found a glowing silver altar of Zin.
  1525 | D:3      | Noticed Jessica
  1533 | D:3      | Killed Jessica
  1537 | D:3      | Reached XP level 5. HP: 29/34 MP: 5/5
  1675 | D:3      | Noticed Nordron's ghost (amateur TeAK)
  1691 | D:3      | Killed Nordron's ghost
  1868 | D:3      | Reached XP level 6. HP: 39/39 MP: 6/6
  2012 | D:3      | Noticed Natasha
  2023 | D:3      | Killed Natasha
  2054 | D:3      | Noticed Ijyb
  2064 | D:3      | Killed Ijyb
  2090 | D:3      | Found a hazy altar of Hepliaklqana.
  2108 | D:3      | Noticed Natasha
  2123 | D:3      | Killed Natasha
  2134 | D:3      | Noticed Natasha
  2141 | D:3      | Killed Natasha
  2458 | D:4      | Reached *** piety under Trog
  2482 | D:4      | Reached skill level 5 in Fighting
  2762 | D:4      | Noticed dscm's ghost (weakling OpTm)
  2767 | D:4      | Killed dscm's ghost
  2767 | D:4      | Reached XP level 7. HP: 44/44 MP: 7/7
  2918 | D:4      | Found a blossoming altar of Fedhas.
  3011 | D:4      | Found a shadowy altar of Dithmenos.
  3265 | D:4      | Found an ancient bone altar of Kikubaaqudgha.
  3267 | D:4      | Found a deep blue altar of Sif Muna.
  3268 | D:4      | Found a radiant altar of Vehumet.
  3321 | D:5      | Entered Level 5 of the Dungeon
  3383 | D:5      | Reached XP level 8. HP: 44/51 MP: 8/8
  3462 | D:5      | Reached skill level 6 in Fighting
  3462 | D:5      | Reached skill level 5 in Axes
  3471 | D:5      | Reached skill level 5 in Armour
  3499 | D:5      | Reached **** piety under Trog
  3537 | D:5      | Noticed nikopol's ghost (amateur GrBe)
  3554 | D:5      | Killed nikopol's ghost
  3611 | D:5      | Found a staircase to the Ecumenical Temple.
  4616 | D:6      | Reached skill level 7 in Fighting
  4713 | D:6      | Reached XP level 9. HP: 57/57 MP: 9/9
  5320 | D:7      | Reached skill level 5 in Dodging
  5448 | D:7      | Received a gift from Trog
  6429 | D:8      | Reached skill level 1 in Bows
  6719 | D:8      | Found a staircase to the Lair.
  6839 | D:8      | Reached skill level 8 in Fighting
  7122 | D:8      | Received a gift from Trog
  7384 | D:9      | Reached XP level 10. HP: 64/64 MP: 10/10
  7420 | D:9      | Found Jiuren's Weapon Emporium.
  7480 | D:9      | Reached ***** piety under Trog
  7718 | D:9      | Found a snail-covered altar of Cheibriados.
  7835 | D:9      | Noticed Joseph
  7852 | D:9      | Killed Joseph
  8721 | D:10     | Entered Level 10 of the Dungeon
  8729 | D:10     | Reached skill level 9 in Fighting
  8925 | D:10     | Received a gift from Trog
  9122 | D:10     | Noticed a gargoyle
  9220 | D:10     | Noticed a hill giant
  9229 | D:10     | Killed a hill giant
  9242 | D:10     | Killed a gargoyle
  9242 | D:10     | Reached XP level 11. HP: 56/71 MP: 11/11
  9550 | D:10     | Killed an unseen horror
  9550 | D:10     | Reached skill level 5 in Bows
  9788 | D:10     | Found a staircase to the Orcish Mines.
  9790 | D:10     | Found a roughly hewn altar of Beogh.
 10119 | D:11     | Noticed a hill giant
 10136 | D:11     | Killed a hill giant
 10434 | D:11     | Noticed a cyclops
 10454 | D:11     | Killed a cyclops
 10730 | D:11     | Noticed a red ugly thing
 10744 | D:11     | Killed a red ugly thing
 10903 | Lair:1   | Entered Level 1 of the Lair of Beasts
 10947 | Lair:1   | Reached skill level 10 in Fighting
 11205 | Lair:1   | Noticed Sonja
 11228 | Lair:1   | Killed Sonja
 12273 | Lair:2   | Reached XP level 12. HP: 61/78 MP: 12/12
 12560 | Lair:2   | Reached skill level 10 in Armour
 14062 | Lair:3   | Received a gift from Trog
 14131 | Lair:4   | Reached skill level 11 in Fighting
 14144 | Lair:4   | Noticed dobroeutro's ghost (journeyman MiBe)
 14272 | Lair:4   | HP: 2/120 [dobroeutro's ghost (27)]
 14277 | Lair:4   | Annihilated by dobroeutro's ghost

Skill      XL: |  1  2  3  4  5  6  7  8  9 10 11 12 |
---------------+-------------------------------------+-----
Axes           | 3 4 5 6 7 8 9 |  9.4
Fighting       | 4 5 7 8 9 10 11 | 11.0
Dodging        | 2 3 4 5 6 7 8 |  8.1
Armour         | 3 4 6 7 8 9 10 | 10.4
Bows           | 2 4 6 7 |  7.5

Action                   |  1- 3 |  4- 6 |  7- 9 | 10-12 || total
-------------------------+-------+-------+-------+-------++-------
Melee: Hand axe          |    84 |   239 |   396 |       ||   719
       War axe           |       |       |   138 |   412 ||   550
 Fire: Shortbow          |       |       |    53 |   329 ||   382
Invok: Berserk           |     1 |     3 |     4 |     6 ||    14
       Burn Spellbooks   |       |       |     4 |       ||     4
       Brothers in Arms  |       |       |       |     3 ||     3
  Use: Scroll            |       |       |       |     3 ||     3
  Eat: Chunk             |       |     9 |    19 |    25 ||    53
       Beef jerky        |       |       |       |     1 ||     1
       Fruit             |       |       |       |     3 ||     3
Armor: Animal skin       |    21 |       |       |       ||    21
       Ring mail         |    13 |    98 |       |       ||   111
       Scale mail        |       |    24 |   308 |   365 ||   697
Dodge: Dodged            |    66 |   168 |   335 |   434 ||  1003
